 Dungeon Crawl Stone Soup version 0.24.0-123-gd5b16e6ec5 (webtiles) character file.

Game seed: 16162531248035493016, levelgen mode: deterministic

149391 eccles the Severer (level 16, 0/134 HPs)
             Began as a Demonspawn Berserker on Jan 9, 2020.
             Was the Champion of Trog.
             Killed from afar by a swamp dragon (8 damage)
             ... with a blast of poison
             ... on level 4 of the Swamp on Jan 14, 2020.
             The game lasted 02:58:23 (23273 turns).

eccles the Severer (Demonspawn Berserker)          Turns: 23273, Time: 02:58:24

Health: 0/134      AC: 33    Str: 23    XL:     16   Next: 96%
Magic:  0/16       EV: 15    Int: 11    God:    Trog [******]
Gold:   738        SH: 17    Dex: 18    Spells: 15/15 levels left

rFire    + + +     SeeInvis .   U - +8 mace "Ufrofr Juuru" {speed, +Rage +Fly rC+++ Int-5}
rCold    + + +     Gourm    .   B - +5 shield
rNeg     . . .     Faith    .   P - +8 chain mail "Feor" {+Inv Regen+ Int+2}
rPois    .         Spirit   +   h - +2 helmet "Biprurph" {-Tele rF++ Int+3 Slay+3}
rElec    .         Reflect  .   F - scarf {repulsion}
rCorr    +         Harm     .   (gloves unavailable)
MR       +++..     NoTele   +   X - +1 pair of boots of Fun {rF+ Regen+ Str-2 Int+3}
Stlth    ..........             y - amulet of guardian spirit
HPRegen  2.12/turn              d - ring of resist corrosion
MPRegen  0.15/turn              J - +3 ring of protection

@: agile, lethally poisoned (0 -> -1), berserk cooldown, regenerating, slowed,
lightly drained, repel missiles, very slow
A: claws 3, icy blue scales 3, fire resistance 1, powered by death 1, powered by
pain 2, flame cloud immunity
a: Berserk, Trog's Hand, Brothers in Arms, Renounce Religion, Evoke Berserk
Rage, Evoke Invisibility, Evoke Flight


You were on level 4 of the Swamp.
You worshipped Trog.
Trog was exalted by your worship.
You were hungry.

You visited 4 branches of the dungeon, and saw 27 of its levels.
You visited the Abyss 1 time.
You also visited: Gauntlet.

You collected 2560 gold pieces.
You spent 1822 gold pieces at shops.

Inventory:

Hand Weapons
 a - the +11 broad axe "Ruipidy" {vamp, *Corrode rElec Dex+8 Stlth+}
   (Trog gifted it to you on level 3 of the Lair of Beasts)

   It inflicts no extra harm, but heals its wielder when it wounds a living foe.
   It affects your dexterity (+8).
   It insulates you from electricity.
   It may corrode you when you take damage.
   It makes you more stealthy.
 b - a +0 hand crossbow
 G - the +7 arbalest "Kutuoqaa" {flame, rF++ Str-4 Int+4}
   (You found it on level 2 of the Swamp)

   It causes projectiles fired from it to burn those they strike, causing extra
   injury to most foes and up to half again as much damage against particularly
   susceptible opponents.
   It affects your strength (-4).
   It affects your intelligence (+4).
   It greatly protects you from fire.
 N - the +12 war axe "Jozeesah" {chop, -Tele rN+ Int+8}
   (Trog gifted it to you on level 2 of the Swamp)

   It inflicts extra damage upon your enemies.
   It affects your intelligence (+8).
   It protects you from negative energy.
   It prevents most forms of teleportation.
 U - the +8 mace "Ufrofr Juuru" (weapon) {speed, +Rage +Fly rC+++ Int-5}
   (You found it in a Gauntlet)

   Attacks with this weapon are significantly faster.
   It affects your intelligence (-5).
   It renders you almost immune to cold.
   It lets you fly.
   It lets you go berserk.
 W - the +5 hunting sling of the Ship {velocity, Int+5}
   (You found it on level 15 of the Dungeon)

   Any stone fired from it inflicts extra damage.
   It affects your intelligence (+5).
Missiles
 n - 271 bolts
 p - 114 poisoned darts (quivered)
 C - 6 boomerangs of dispersal
Armour
 g - the +2 helmet "Kusapn" {*Drain rPois Slay+2 Stlth+}
   (You bought it in a shop on level 2 of the Orcish Mines)

   It affects your accuracy and damage with ranged weapons and melee attacks
   (+2).
   It protects you from poison.
   It causes draining when unequipped.
   It makes you more stealthy.
 h - the +2 helmet "Biprurph" (worn) {-Tele rF++ Int+3 Slay+3}
   (You found it on level 5 of the Dungeon)

   It affects your intelligence (+3).
   It affects your accuracy and damage with ranged weapons and melee attacks
   (+3).
   It greatly protects you from fire.
   It prevents most forms of teleportation.
 B - a +5 shield (worn)
 F - a scarf of repulsion (worn)
 P - the +8 chain mail "Feor" (worn) {+Inv Regen+ Int+2}
   (You found it on level 12 of the Dungeon)

   It affects your intelligence (+2).
   It lets you turn invisible.
   It increases your rate of regeneration.
 S - a +2 hat of see invisible
 X - the +1 pair of boots of Fun (worn) {rF+ Regen+ Str-2 Int+3}
   (You found it in a Gauntlet)

   It affects your strength (-2).
   It affects your intelligence (+3).
   It protects you from fire.
   It increases your rate of regeneration.
 Z - the +0 pair of boots "Tuat" {rElec rN+ Dex+2}
   (You found it in a Gauntlet)

   It affects your dexterity (+2).
   It insulates you from electricity.
   It protects you from negative energy.
Jewellery
 d - a ring of resist corrosion (left claw)
 m - a cursed amulet of inaccuracy
 y - an amulet of guardian spirit (around neck)
 E - an uncursed ring of see invisible
 I - an uncursed amulet of magic regeneration
 J - a +3 ring of protection (right claw)
 V - an uncursed amulet of faith {unknown}
Wands
 t - a wand of enslavement (18)
 u - a wand of random effects (97)
 w - a wand of polymorph (41)
 A - a wand of flame (74)
 L - a wand of acid (18)
 M - a wand of disintegration (17)
 O - a wand of digging (4)
 R - a wand of scattershot (6)
Scrolls
 f - 7 scrolls of teleportation
 i - 5 scrolls of magic mapping
 l - a scroll of enchant armour
 o - 12 scrolls of remove curse
 r - a scroll of brand weapon
 H - 6 scrolls of fear
 K - 4 scrolls of blinking
 Q - a scroll of silence
 T - a scroll of identify
Potions
 e - 2 potions of ambrosia
 j - a potion of berserk rage
 k - 2 potions of brilliance
 q - 14 potions of curing
 s - a potion of resistance
 v - 4 potions of haste
 x - 5 potions of agility
 z - 6 potions of might
Comestibles
 c - 39 rations
 D - 3 chunks of flesh


   Skills:
 * Level 14.9(14.7) Fighting
 * Level 18.3(18.0) Axes
 + Level 1.7(1.5) Throwing
 * Level 12.4(12.2) Armour
 + Level 4.5(4.3) Dodging
 + Level 1.6(1.5) Stealth
 + Level 9.7(9.5) Shields
 + Level 0.1(0.0) Evocations


You had 15 spell levels left.
You didn't know any spells.
Your spell library was empty.

Dungeon Overview and Level Annotations

Branches:
Dungeon (15/15)            Temple (0/1) D:5            Lair (6/6) D:11
  Swamp (4/4) Lair:3       Spider (0/4) Lair:4        Slime (0/5) Lair:6
    Orc (2/2) D:10            Elf (0/3) Orc:2        Vaults (0/5) D:13
 Depths (0/5) D:15        Gauntlet (visited)

Altars:
Kikubaaqudgha
Okawaru
Qazlal
Sif Muna
Uskayaw
Vehumet
Yredelemnul
The Shining One
Beogh

Shops:
D:5 :   D:8 }   D:11 (   D:14 =%}:   Orc:1 :*?!   Orc:2 ?[:!

Portals:
Trove: D:14 (give horn of Geryon)

Annotations:
Lair:3 3 runed translucent doors, Urobia's ghost, journeyman MiFi
Lair:5 exclusion: oklob plant


Innate Abilities, Weirdness & Mutations

You have claws for hands.
You are completely covered in icy blue scales. (AC +4, rC+)
Your flesh is heat resistant. (rF+)
You regenerate a little health from kills.
You sometimes gain power by taking damage.
You are immune to clouds of flame.


Message History

* * * LOW HITPOINT WARNING * * *
A blink frog comes into view.
You block the eight-headed hydra's attack.
The eight-headed hydra closely misses you.
The eight-headed hydra barely misses you.
You block the eight-headed hydra's attack.
The eight-headed hydra completely misses you.
The eight-headed hydra bites you but does no damage.
The eight-headed hydra bites you.
* * * LOW HITPOINT WARNING * * *
The eight-headed hydra bites you!
* * * LOW HITPOINT WARNING * * *
The swamp drake bites you but does no damage.
A blink frog comes into view.
The swamp drake bites you but does no damage.
The blink frog blinks!
The swamp dragon breathes poison at you.
The blast of poison engulfs you!
You are poisoned.
You die...

..§≈≈≈≈≈°....≈.♣♣
♣≈≈≈≈≈..
≈.≈≈≈≈≈.♣♣FF..♣♣
♣≈.≈≈≈≈♣
≈≈≈≈.°♣♣...§≈.♣♣
♣♣♣♣♣♣♣♣ ≈≈≈≈.
♣.≈≈≈..≈♣ ≈≈≈≈
♣≈.....♣♣ ≈..
♣♣§≈D.F≈♣♣ ♣♣
♣♣≈wDD≈.♣
♣♣°DDk°♣ ♣♣k@°♣♣
♣♣♣♣♣


You could see an eight-headed hydra, a six-headed hydra, 3 swamp dragons, a
tyrant leech (confused), 3 blink frogs and 2 swamp drakes.

Vanquished Creatures
  Rupert (D:12)
  Jorgrun (D:12)
  A thorn hunter (Swamp:2)
  A tengu reaver (D:12)
  Roxanne (Swamp:3)
  The ghost of Yamstis the Nimble, an adept GnMo of Makhleb (D:15)
  2 entropy weavers (Gauntlet)
  Nessos (D:12)
  A minotaur (Gauntlet)
  3 fire dragons
  Snorg (Orc:2)
  A yaktaur captain (D:9)
  A vault guard (D:13)
  13 hydras
  An ice dragon (D:15)
  3 shambling mangroves
  2 ghost crabs
  8 two-headed ogres
  12 alligators
  A death knight (D:14)
  3 centaur warriors
  4 ogre magi
  9 death yaks
  2 tengu warriors (D:15)
  Sonja (Lair:1)
  6 skeletal warriors
  3 unseen horrors
  A deep elf archer (D:9)
  7 swamp dragons
  A lindwurm (Lair:2)
  6 orc knights
  5 harpies (D:15)
  4 necromancers
  A phantasmal warrior (D:15)
  An ugly thing (D:11)
  A wolf spider (Gauntlet)
  10 orc sorcerers
  3 manticores
  13 elephants
  6 cyclopes
  2 black mambas (Lair:5)
  A centaur zombie (D:15)
  A torpor snail (Lair:4)
  16 spiny frogs
  2 gargoyles (D:15)
  7 komodo dragons
  6 rime drakes
  4 freezing wraiths
  A demonic crawler (Lair:6)
  6 trolls
  2 tengu conjurers
  A jumping spider (Gauntlet)
  8 tyrant leeches
  12 blink frogs
  A meliai (D:15)
  14 slime creatures
  Grinder (D:3)
  8 hornets
  9 polar bears (Lair:6)
  2 raiju (Lair:6)
  6 bog bodies
  A dream sheep (Lair:6)
  6 hippogriffs
  A centaur simulacrum (D:15)
  2 redbacks
  4 wraiths
  Sigmund (D:5)
  2 spriggans (Swamp:4)
  3 shadows
  A vampire (D:13)
  35 yaks
  2 hungry ghosts
  5 basilisks
  6 wyverns
  2 steam dragons (Lair:6)
  Eustachio (D:5)
  21 humans (D:13)
  33 vampire mosquitoes
  Menkaure (D:5)
  3 insubstantial wisps (Swamp:3)
  Edmund (D:5)
  9 wargs
  15 swamp worms
  A soldier ant (D:9)
  3 acid dragons
  6 water moccasins
  Duvessa (D:7)
  7 porcupines
  13 hell hounds (Lair:6)
  5 swamp drakes
  3 ice beasts
  22 orc warriors
  2 sky beasts
  11 black bears (Lair:6)
  2 phantoms
  2 necrophages
  21 ogres
  3 eyes of draining
  16 wolves (Lair:6)
  9 crocodiles
  17 centaurs
  2 big kobolds
  2 gnoll sergeants
  15 bullfrogs
  3 scorpions
  Dowan (D:7)
  A water moccasin skeleton (D:6)
  14 killer bees
  10 wights
  4 howler monkeys
  An electric eel (Lair:4)
  3 lava snakes
  8 crimson imps
  6 jellies
  11 orc priests
  7 centaur skeletons
  6 hounds
  7 iguanas
  2 bullfrog skeletons (D:12)
  33 orc wizards
  A hell rat (D:11)
  14 worker ants
  A hound zombie (D:10)
  A worker ant zombie (D:11)
  7 gnolls
  2 river rats (D:11)
  14 adders
  A howler monkey skeleton (D:4)
  2 shadow imps
  2 oozes
  2 adder skeletons
  3 adder zombies (D:9)
  A dart slug (D:3)
  4 leopard geckos
  71 orcs
  7 bats
  5 giant cockroaches
  3 goblins (D:3)
  8 hobgoblins
  2 jackals (D:6)
  10 kobolds
  7 quokkas
  A ball python (D:8)
  6 frilled lizards
  A leopard gecko zombie (D:5)
  A quokka zombie (D:9)
  9 rats
  9 fungi
  7 plants (Lair:6)
890 creatures vanquished.

Vanquished Creatures (others)
  A meliai (D:15)
  A tyrant leech (Swamp:3)
  2 slime creatures (Swamp:3)
  A blink frog (Swamp:4)
  3 bushes (D:12)
  3 fungi (Lair:6)
  18 plants
29 creatures vanquished.

Grand Total: 919 creatures vanquished

Notes
Turn   | Place    | Note
-------+----------+-------------------------------------------
     0 | D:1      | eccles the Demonspawn Berserker began the quest for the
                  | Orb.
     0 | D:1      | Reached XP level 1. HP: 18/18 MP: 1/1
   214 | D:1      | Gained mutation: You regenerate a little health from kills.
                  | [demonic ancestry]
   214 | D:1      | Reached XP level 2. HP: 20/24 MP: 2/2
   324 | D:1      | Reached skill level 3 in Axes
   956 | D:2      | Found a faded altar of an unknown god.
   975 | D:2      | Reached XP level 3. HP: 29/29 MP: 3/3
  1305 | D:2      | Reached ** piety under Trog
  1654 | D:3      | Noticed Grinder
  1674 | D:3      | Killed Grinder
  1674 | D:3      | Reached skill level 4 in Axes
  1674 | D:3      | Reached skill level 1 in Stealth
  1674 | D:3      | Reached XP level 4. HP: 10/37 MP: 4/4
  1674 | D:3      | Gained mutation: You sometimes gain a little power by
                  | taking damage. [demonic ancestry]
  1674 | D:3      | Reached XP level 5. HP: 12/42 MP: 5/5
  2011 | D:3      | Gained mutation: You are partially covered in icy blue
                  | scales. (AC +2) [demonic ancestry]
  2011 | D:3      | Reached XP level 6. HP: 44/48 MP: 6/6
  2120 | D:3      | Reached skill level 5 in Axes
  2679 | D:4      | Gained mutation: You sometimes gain power by taking damage.
                  | [demonic ancestry]
  2679 | D:4      | Reached XP level 7. HP: 36/55 MP: 7/7
  2693 | D:4      | Found a basalt altar of Yredelemnul.
  3253 | D:5      | Entered Level 5 of the Dungeon
  3286 | D:5      | Noticed Eustachio
  3326 | D:5      | Killed Eustachio
  3326 | D:5      | Reached skill level 5 in Fighting
  3326 | D:5      | Reached skill level 6 in Axes
  3531 | D:5      | Noticed Sigmund
  3541 | D:5      | Killed Sigmund
  3541 | D:5      | Gained mutation: You have sharp fingernails. [demonic
                  | ancestry]
  3541 | D:5      | Reached XP level 8. HP: 62/62 MP: 8/8
  3659 | D:5      | Noticed Edmund
  3675 | D:5      | Killed Edmund
  3675 | D:5      | Reached skill level 7 in Axes
  3809 | D:5      | Noticed Menkaure
  3817 | D:5      | Killed Menkaure
  3825 | D:5      | Found a staircase to the Ecumenical Temple.
  3837 | D:5      | Got a faintly glowing helmet
  3842 | D:5      | Found Kuoz's Book Shoppe.
  3921 | D:5      | Reached *** piety under Trog
  4258 | D:6      | Reached skill level 5 in Armour
  4579 | D:6      | Reached skill level 8 in Axes
  4662 | D:6      | Identified the +2 helmet "Biprurph" {-Tele rF++ Int+3
                  | Slay+3} (You found it on level 5 of the Dungeon)
  4916 | D:7      | Gained mutation: You are mostly covered in icy blue scales.
                  | (AC +3) [demonic ancestry]
  4916 | D:7      | Reached XP level 9. HP: 62/69 MP: 9/9
  5388 | D:7      | Noticed Dowan
  5391 | D:7      | Noticed Duvessa
  5394 | D:7      | Killed Dowan
  5404 | D:7      | Killed Duvessa
  5404 | D:7      | Reached skill level 9 in Axes
  5420 | D:7      | Found a glowing golden altar of the Shining One.
  5901 | D:8      | Found Juguv's Gadget Shop.
  5994 | D:8      | Reached **** piety under Trog
  6025 | D:8      | Found an iron altar of Okawaru.
  6134 | D:8      | Reached skill level 1 in Shields
  6436 | D:9      | Reached XP level 10. HP: 69/79 MP: 8/10
  6717 | D:9      | Reached ***** piety under Trog
  6718 | D:9      | Reached skill level 10 in Axes
  7051 | D:9      | Noticed a cyclops
  7075 | D:9      | Killed a cyclops
  7118 | D:9      | Noticed a yaktaur captain
  7118 | D:9      | Noticed a fire dragon
  7137 | D:9      | Killed a fire dragon
  7137 | D:9      | Reached skill level 11 in Axes
  7143 | D:9      | Killed a yaktaur captain
  7143 | D:9      | Reached XP level 11. HP: 57/87 MP: 6/11
  7167 | D:9      | Noticed a necromancer
  7167 | D:9      | Noticed a deep elf archer
  7167 | D:9      | Noticed a centaur warrior
  7175 | D:9      | Killed a necromancer
  7183 | D:9      | Killed a centaur warrior
  7207 | D:9      | Killed a deep elf archer
  7509 | D:10     | Entered Level 10 of the Dungeon
  7572 | D:10     | Found a staircase to the Orcish Mines.
  7622 | D:10     | Received a gift from Trog
  7908 | D:10     | Reached skill level 12 in Axes
  7973 | D:10     | Cast into level 1 of the Abyss (gnoll sergeant)
  7973 | Abyss:1  | Found a corrupted altar of Lugonu.
  8011 | Abyss:1  | Noticed a wretched star
  8070 | D:10     | Escaped the Abyss
  8229 | D:11     | Noticed a death yak
  8236 | D:11     | Noticed a death yak
  8238 | D:11     | Noticed a death yak
  8248 | D:11     | Killed a death yak
  8255 | D:11     | Killed a death yak
  8267 | D:11     | Killed a death yak
  8269 | D:11     | Found a staircase to the Lair.
  8299 | D:11     | Noticed a two-headed ogre
  8493 | D:11     | Killed a two-headed ogre
  8875 | D:11     | Found Ehyar's Antique Weapon Boutique.
  9271 | D:11     | Noticed a two-headed ogre
  9281 | D:11     | Noticed a two-headed ogre
  9287 | D:11     | Noticed an ogre mage
  9287 | D:11     | Noticed a two-headed ogre
  9292 | D:11     | Killed a two-headed ogre
  9298 | D:11     | Killed an ogre mage
  9298 | D:11     | Gained mutation: You have very sharp fingernails. [demonic
                  | ancestry]
  9298 | D:11     | Reached XP level 12. HP: 96/96 MP: 12/12
  9303 | D:11     | Killed a two-headed ogre
  9303 | D:11     | Received a gift from Trog
  9307 | D:11     | Killed a two-headed ogre
  9420 | D:11     | Found a stormy altar of Qazlal.
  9548 | D:11     | Reached skill level 13 in Axes
  9548 | D:11     | Reached skill level 1 in Throwing
  9841 | D:12     | Noticed Rupert
  9896 | D:12     | Killed Rupert
  9896 | D:12     | Reached skill level 10 in Fighting
  9896 | D:12     | Reached skill level 5 in Shields
  9928 | D:12     | Got a steaming chain mail
  9968 | D:11     | Identified the +8 chain mail "Feor" {+Inv Regen+ Int+2}
                  | (You found it on level 12 of the Dungeon)
 10047 | D:12     | Noticed a two-headed ogre
 10072 | D:12     | Killed a two-headed ogre
 10098 | D:12     | Noticed a tengu reaver
 10138 | D:12     | Noticed Jorgrun
 10143 | D:12     | Noticed a two-headed ogre
 10160 | D:12     | Killed Jorgrun
 10161 | D:12     | Killed a two-headed ogre
 10362 | D:12     | Killed a tengu reaver
 10551 | D:12     | Found a shimmering blue altar of Sif Muna.
 10551 | D:12     | Noticed Nessos
 10569 | D:12     | Killed Nessos
 10569 | D:12     | Gained mutation: You have claws for hands. [demonic
                  | ancestry]
 10569 | D:12     | Reached XP level 13. HP: 104/104 MP: 10/13
 11190 | D:13     | Reached skill level 14 in Axes
 11247 | D:13     | You fall into a shaft and drop 2 floors!
 11247 | D:15     | Entered Level 15 of the Dungeon
 11393 | D:13     | Received a gift from Trog
 11598 | D:13     | Found a gate to the Vaults.
 12225 | Lair:1   | Entered Level 1 of the Lair of Beasts
 12250 | Lair:1   | Reached skill level 10 in Armour
 12452 | Lair:1   | You fall into a shaft and drop 1 floor!
 12630 | Lair:1   | Noticed Sonja
 12633 | Lair:1   | Killed Sonja
 13279 | D:11     | Bought a glowing flail for 227 gold pieces
 13504 | Lair:2   | Reached skill level 15 in Axes
 13778 | Lair:3   | Found a staircase to the Swamp.
 13831 | Lair:3   | Gained mutation: Your flesh is heat resistant. (rF+)
                  | [demonic ancestry]
 13831 | Lair:3   | Reached XP level 14. HP: 98/114 MP: 10/14
 13896 | Lair:3   | Reached ****** piety under Trog
 14048 | Lair:3   | Received a gift from Trog
 14053 | Lair:3   | Got a scorched broad axe {god gift}
 14274 | Lair:3   | Found a runed translucent gate.
 14274 | Lair:3   | Found a runed translucent gate.
 14274 | Lair:3   | Found a runed translucent gate.
 14412 | Lair:3   | Identified the +11 broad axe "Ruipidy" {vamp, *Corrode
                  | rElec Dex+8 Stlth+} (Trog gifted it to you on level 3 of
                  | the Lair of Beasts)
 14733 | Lair:4   | Found a hole to the Spider Nest.
 15094 | Lair:5   | Found a gate leading to a gauntlet.
 15115 | Gauntlet | Entered a Gauntlet
 15115 | Gauntlet | Found a large runed translucent door.
 15115 | Gauntlet | Found a large runed translucent door.
 15115 | Gauntlet | Found a large runed translucent door.
 15115 | Gauntlet | Found a large runed translucent door.
 15115 | Gauntlet | Found a runed translucent door.
 15115 | Gauntlet | Found a large runed translucent door.
 15115 | Gauntlet | Found a large runed translucent door.
 15115 | Gauntlet | Found a transporter.
 15115 | Gauntlet | Found a transporter.
 15115 | Gauntlet | Found a large runed translucent door.
 15115 | Gauntlet | Found a large runed translucent door.
 15115 | Gauntlet | Found a runed translucent gate.
 15115 | Gauntlet | Found a runed translucent gate.
 15115 | Gauntlet | Found a transporter.
 15133 | Gauntlet | Found a transporter.
 15135 | Gauntlet | Found a transporter.
 15144 | Gauntlet | Noticed an entropy weaver
 15147 | Gauntlet | Found a transporter.
 15149 | Gauntlet | Found a transporter.
 15158 | Gauntlet | Noticed an entropy weaver
 15159 | Gauntlet | Found a transporter.
 15178 | Gauntlet | Noticed an entropy weaver
 15180 | Gauntlet | Found a transporter.
 15197 | Gauntlet | Found a transporter.
 15201 | Gauntlet | Found a transporter.
 15214 | Gauntlet | Found a transporter.
 15219 | Gauntlet | Found a runed translucent gate.
 15220 | Gauntlet | Found a large runed translucent door.
 15220 | Gauntlet | Found a large runed translucent door.
 15221 | Gauntlet | Found a large runed translucent door.
 15222 | Gauntlet | Found a large runed translucent door.
 15223 | Gauntlet | Found a large runed translucent door.
 15223 | Gauntlet | Found a large runed translucent door.
 15223 | Gauntlet | Found a runed translucent door.
 15224 | Gauntlet | Found a large runed translucent door.
 15225 | Gauntlet | Found a large runed translucent door.
 15337 | Gauntlet | Got a brightly glowing mace
 15354 | Gauntlet | Killed an entropy weaver
 15376 | Gauntlet | Got a pair of translucent boots
 15399 | Gauntlet | Killed an entropy weaver
 15434 | Gauntlet | Got a pair of warped boots
 15551 | Gauntlet | Got a steaming scale mail
 15603 | Lair:5   | Identified the +1 scale mail of Coronation {Int+4} (You
                  | found it in a Gauntlet)
 15623 | Lair:5   | Identified the +1 pair of boots of Fun {rF+ Regen+ Str-2
                  | Int+3} (You found it in a Gauntlet)
 15633 | Lair:5   | Identified the cursed +0 pair of boots "Tuat" {rElec rN+
                  | Dex+2} (You found it in a Gauntlet)
 16115 | Lair:6   | Entered Level 6 of the Lair of Beasts
 16202 | Lair:6   | Received a gift from Trog
 16327 | Lair:6   | Reached skill level 16 in Axes
 16356 | Lair:6   | Found a staircase to the Slime Pits.
 16953 | Lair:6   | Gained mutation: You are immune to clouds of flame.
                  | [demonic ancestry]
 16953 | Lair:6   | Reached XP level 15. HP: 122/122 MP: 15/15
 17533 | D:14     | Found Giemog's Jewellery Boutique.
 17555 | D:14     | Found Mewi's Gadget Shop.
 17581 | D:14     | Found Cyun's Food Emporium.
 17621 | D:14     | Received a gift from Trog
 17742 | D:14     | Found Xuoshawk's Book Emporium.
 17786 | D:14     | Found a stormy altar of Qazlal.
 17972 | D:14     | Found a hide-covered altar of Uskayaw.
 18179 | D:14     | Found a portal to a secret trove of treasure.
 18526 | D:15     | Paralysed by an ogre mage for 3 turns
 18685 | D:15     | Reached skill level 17 in Axes
 18747 | D:15     | Received a gift from Trog
 18973 | D:15     | Found a runed translucent gate.
 18973 | D:15     | Found a runed translucent gate.
 18973 | D:15     | Found a runed translucent gate.
 18976 | D:15     | Noticed Yamstis's ghost (adept GnMo)
 18979 | D:15     | Found a roughly hewn altar of Beogh.
 18980 | D:15     | Identified the cursed +0 plate armour "Erou" {SInv}
 19158 | D:15     | Killed Yamstis's ghost
 19172 | D:15     | Got a slimy hunting sling
 19356 | D:15     | Found a staircase to the Depths.
 19502 | Orc:1    | Entered Level 1 of the Orcish Mines
 19518 | Orc:1    | Found Rudgheuc's Assorted Antiques.
 19534 | Orc:1    | Bought a scroll of magic mapping for 91 gold pieces
 19591 | Orc:1    | Gained mutation: You are completely covered in icy blue
                  | scales. (AC +4, rC+) [demonic ancestry]
 19591 | Orc:1    | Reached XP level 16. HP: 132/132 MP: 16/16
 19618 | Orc:1    | Found Isof's Book Shoppe.
 19730 | Orc:1    | Found Keumop's Distillery.
 19750 | Orc:1    | Bought 2 potions of curing for 72 gold pieces
 19750 | Orc:1    | Bought a potion of curing for 36 gold pieces
 19764 | Orc:1    | Found Leikle Byef's Magic Scroll Shoppe.
 19774 | Orc:1    | Bought a scroll of identify for 28 gold pieces
 19774 | Orc:1    | Bought a scroll of enchant armour for 105 gold pieces
 19774 | Orc:1    | Bought a scroll of enchant armour for 105 gold pieces
 19774 | Orc:1    | Bought 2 scrolls of identify for 56 gold pieces
 19774 | Orc:1    | Bought a scroll of identify for 28 gold pieces
 19829 | Orc:2    | Entered Level 2 of the Orcish Mines
 19829 | Orc:2    | Found a staircase to the Elven Halls.
 19917 | Orc:2    | Received a gift from Trog
 20052 | Orc:2    | Found Ratemiud's Distillery.
 20090 | Orc:2    | Found an ancient bone altar of Kikubaaqudgha.
 20203 | Orc:1    | Identified the +8 mace "Ufrofr Juuru" {speed, +Rage +Fly
                  | rC+++ Int-5} (You found it in a Gauntlet)
 20204 | Orc:1    | Identified the +5 hunting sling of the Ship {velocity,
                  | Int+5} (You found it on level 15 of the Dungeon)
 20237 | Orc:2    | Noticed Snorg
 20252 | Orc:2    | Killed Snorg
 20307 | Orc:2    | Paralysed by an orc sorcerer for 7 turns
 20464 | Orc:2    | Found a radiant altar of Vehumet.
 20475 | Orc:2    | Received a gift from Trog
 20506 | Orc:2    | Paralysed by an orc sorcerer for 2 turns
 20508 | Orc:2    | Found a roughly hewn altar of Beogh.
 20508 | Orc:2    | Found Xabam's Book Shoppe.
 20510 | Orc:2    | Found Qasueleo's Magic Scroll Emporium.
 20546 | Orc:2    | Found Kokorifia's Antique Armour Emporium.
 20550 | Orc:2    | Bought a scroll of identify for 24 gold pieces
 20577 | Orc:2    | Bought a shimmering plate armour for 784 gold pieces
 20577 | Orc:2    | Identified the cursed +0 plate armour of Hadjma {+Inv rC+}
                  | (You bought it in a shop on level 2 of the Orcish Mines)
 20587 | Orc:2    | Bought a slimy helmet for 266 gold pieces
 20599 | Orc:2    | Identified the +2 helmet "Kusapn" {*Drain rPois Slay+2
                  | Stlth+} (You bought it in a shop on level 2 of the Orcish
                  | Mines)
 20938 | Lair:3   | Noticed Urobia's ghost (journeyman MiFi)
 21010 | Swamp:1  | Entered Level 1 of the Swamp
 21635 | Swamp:2  | Reached skill level 18 in Axes
 21702 | Swamp:2  | Got a dazzling arbalest
 21910 | Swamp:2  | Received a gift from Trog
 21935 | Swamp:2  | Got an ancient war axe {god gift}
 21982 | Swamp:2  | Noticed a thorn hunter
 21997 | Swamp:2  | Killed a thorn hunter
 22644 | Swamp:3  | Identified Roxanne's Reference Book on Earth
 22644 | Swamp:3  | Noticed Roxanne
 22675 | Swamp:3  | Killed Roxanne
 22802 | Swamp:3  | Identified the +12 war axe "Jozeesah" {chop, -Tele rN+
                  | Int+8} (Trog gifted it to you on level 2 of the Swamp)
 22845 | Swamp:3  | Identified a scroll of acquirement
 22886 | Swamp:3  | Identified the +7 arbalest "Kutuoqaa" {flame, rF++ Str-4
                  | Int+4} (You found it on level 2 of the Swamp)
 22974 | Swamp:4  | Entered Level 4 of the Swamp
 23273 | Swamp:4  | Killed from afar by a swamp dragon

Levels and vault maps discovered:
D:1:      lightli_arrival_statue_moat, layout_basic
D:2:      layout_loops_ring, serial_forest, infiniplex_forest_straight_4,
          infiniplex_forest_corner_1, infiniplex_forest_lined_room_2,
          infiniplex_forest_straight_4, infiniplex_forest_straight_1,
          infiniplex_forest_straight_4, infiniplex_forest_clump_small,
          infiniplex_forest_lined_ring, infiniplex_forest_clump_double,
          infiniplex_forest_end_2, chequers_ecumenical_altar_lobes
D:3:      layout_loops_ring, uniq_grinder
D:4:      layout_basic, first_ration, hex_intersection,
          yredelemnul_altar_generic
D:5:      layout_basic, minmay_temple_entry_gardened_gates, serial_shops, shop,
          uniq_sigmund, uniq_eustachio, uniq_menkaure, uniq_edmund
D:6:      layout_basic
D:7:      layout_loops_corners, nicolae_tso_carved_into_rock, uniq_duvessa
D:8:      layout_cave_pools, kennysheep_okawaru_gauntlet, serial_shops, shop
D:9:      minmay_sliced_demisemicircle, layout_cave_pods
D:10:     layout_rooms, orc_0_dummy, grunt_ogre_cave, grunt_ministairs_14,
          hangedman_abyss_or_decor_clamps
D:11:     layout_basic, dpeg_lair_monsters, basic_altar, serial_shops,
          nicolae_shop_window_shopping
D:12:     layout_cave_pools, serial_park, serial_park_paths
          [serial_park_minivault_5x5_3], serial_park_square3
          [serial_park_minivault_5x5_4], serial_park_tiny_1,
          serial_park_square2, kennysheep_island_fort, uniq_nessos, uniq_rupert,
          uniq_jorgrun
D:13:     layout_stronghold, grunt_vaults_entry_tiered
D:14:     layout_loops_ring, minivault_27, serial_shops,
          nicolae_shop_behind_doors, nicolae_shop_waterfront,
          nicolae_shop_temple_entry_statues_fountains, shop, basic_altar,
          nicolae_trove_entry_crossroad, special_room [special_room_orc],
          nicolae_qazlal_style_of_elements
D:15:     grunt_enter_depths_hoard, layout_long_grid, kennysheep_flooded_box,
          biasface_ghost_orc_armoury, kennysheep_four_rooms
Lair:1:   layout_hall_layers, infiniplex_staircase_pool_2, uniq_sonja
Lair:2:   layout_cave_shapes, serial_bayou_pond_a, grunt_forest_small_clearings
Lair:3:   layout_long_grid, swamp_mist, gammafunk_ghost_icy
Lair:4:   layout_gridlike, spider_nest_entry_a
Lair:5:   layout_loops_ring, gauntlet_entry_generic
Lair:6:   guppyfry_lair_end_dragon, layout_long_grid,
          hangedman_lair_caniforms_friends, minmay_slime_entry_pillars,
          worms_lemuel
Swamp:1:  layout_falls_marsh, wheals_swamp_sinkhole, swamp_pool1
Swamp:2:  layout_basic_swamp, nicolae_swamp_trees_clearing
Swamp:3:  layout_falls_marsh, hangedman_swamp_ruin_hall, uniq_roxanne
Swamp:4:  swamp, layout_basic_swamp
Orc:1:    layout_diamond_mine, serial_shops, nicolae_shop_crystal,
          shop_fountains, shop_scrolls, nicolae_shop_statue_plus
Orc:2:    kennysheep_orc_mage_school, layout_diamond_mine, uniq_snorg

Skill      XL: |  1  2  3  4  5  6  7  8  9 10 11 12 13 14 15 16 |
---------------+-------------------------------------------------+-----
Dodging        | 2 3 4 |  4.5
Axes           | 3 4 5 6 8 9 11 12 13 15 16 17 18 | 18.3
Armour         | 2 3 4 5 6 7 8 9 10 11 12 | 12.4
Fighting       | 4 5 6 7 8 9 10 11 12 13 14 | 14.9
Stealth        | 1 |  1.6
Shields        | 1 3 4 6 7 8 9 |  9.7
Throwing       | 1 |  1.7
Evocations     | |  0.1

Action                   |  1- 3 |  4- 6 |  7- 9 | 10-12 | 13-15 | 16-18 || total
-------------------------+-------+-------+-------+-------+-------+-------++-------
Melee: Hand axe          |   167 |   135 |   512 |   599 |     8 |       ||  1421
       War axe           |       |       |       |       |   305 |       ||   305
       Flail             |       |       |       |       |    57 |       ||    57
       Dire flail        |       |       |       |       |     7 |       ||     7
       Broad axe         |       |       |       |       |   753 |   463 ||  1216
       Mace              |       |       |       |       |       |   145 ||   145
Throw: Dart              |       |       |       |    13 |     2 |       ||    15
Invok: Berserk           |     2 |       |     7 |    11 |     8 |     2 ||    30
       Trog's Hand       |       |       |       |       |       |     1 ||     1
Evoke: Wand              |       |       |       |     1 |     1 |       ||     2
  Use: Potion            |     2 |       |     2 |     2 |     5 |     2 ||    13
       Scroll            |       |     7 |    13 |     4 |    17 |    12 ||    53
 Stab: Sleeping          |     1 |       |       |       |       |       ||     1
       Confused          |       |       |       |       |       |     2 ||     2
  Eat: Chunk             |     3 |     4 |    18 |    18 |    26 |     5 ||    74
       Ration            |       |       |     1 |     2 |     3 |     3 ||     9
Armor: Animal skin       |    21 |       |       |       |       |       ||    21
       Plate armour      |    70 |    99 |   280 |   243 |       |       ||   692
       Chain mail        |       |       |       |    82 |   645 |   412 ||  1139
Dodge: Dodged            |    76 |    49 |   130 |   122 |   317 |   246 ||   940
       Deflected         |       |       |       |     6 |    11 |    12 ||    29
Block: Shield            |       |       |    58 |   329 |   873 |   479 ||  1739
